 BcadrenCrawl: Boulder Brew version 0.04.2-17-g662d9223eb (webtiles) character file.

Game seed: 7205326798895058618, levelgen mode: deterministic

264 diana the Ducker (level 6, 0/39 HPs) Kobold Gladiator. Began on May 16, 2021. Slain by a jelly (2 damage) ... on level 2 of the Dungeon. The game lasted 00:02:33 (926 turns).

diana the Ducker (Kobold Gladiator)                  Turns: 926, Time: 00:02:33

Health: 0/39       AC: -11   Str: 12    XL:     6 ^: 141
Magic:  7/7        EV: 17    Int:  9    God:
Gold:   68         SH:  0    Dex: 18    Spells: 5/5 levels left

rFire    . . .     Vision   .   e - +0 dagger
rCold    . . .     Gourm    .   k - +0 dagger
rNeg     . . .     Faith    .   b - +0 leather armour
rPois    .         Spirit   .   c - +0 helmet
rElec    .         Reflect  .   (no cloak)
rCorr    .         Harm     .   (no gloves)
MR       .....                  (no boots)
Stlth    +.........             (no amulet)
HPRegen  0.23/turn              (no ring)
MPRegen  0.17/turn              (no ring)

@: corroded
A: small, carnivore
a: no special abilities


You were on level 2 of the Dungeon.
You were hungry.

You visited 1 branch of the dungeon, and saw 2 of its levels.

You collected 68 gold pieces.

Inventory:

Weapons
 a - a +0 rapier
 e - a +0 dagger (weapon)
 k - a +0 dagger (weapon)
Armour
 b - a +0 leather armour (worn)
 c - a +0 helmet (worn)
Jewellery
 l - an uncursed ring of protection from magic
 n - a cursed ring of dexterity {(Curse: rC-)}
Wands
 d - a wand of ensnaring (9)
Scrolls
 g - 3 scrolls of enchantment
 h - a scroll of holy word
 j - a scroll of teleportation
Potions
 i - a potion of cancellation
 m - a potion of might
Comestibles
 f - 2 rations


   Skills:
 * Level 4.7 Fighting
 + Level 4.7 Short Blades
 + Level 1.9 Armour
 + Level 4.8 Dodging
 - Level 2.1 Evocations


You had 5 spell levels left.
You didn't know any spells.
Your spell library was empty.

Dungeon Overview and Level Annotations

Branches:
Dungeon (2/8)

Altars:


Innate Abilities, Weirdness & Mutations

You are small and have problems with some larger weapons.
You are carnivorous and can eat meat at any time.


Message History

The jelly is severely wounded. (5/18) HP The jelly hits you (2).
You are splashed with acid (6).
You are too injured to fight recklessly!
You are too injured to fight recklessly!
You hit the jelly but do no damage. The acid corrodes you!
Your hands burn (4).
You hit the jelly (2).
Your hands burn (2).
The jelly is almost dead. (3/18) HP The jelly misses you (0).
You hit the jelly but do no damage.
Your hands burn (3).
* * * LOW HITPOINT WARNING * * *
You hit the jelly but do no damage. The acid corrodes you!
Your hands burn (1).
* * * LOW HITPOINT WARNING * * *
The jelly is almost dead. (3/18) HP You hit the jelly but do no damage.
The acid corrodes you!
Your hands burn (5).
* * * LOW HITPOINT WARNING * * *
You hit the jelly but do no damage.
Your hands burn (3).
* * * LOW HITPOINT WARNING * * *
The jelly is almost dead. (3/18) HP The jelly hits you (2).
You die...

≈≈≈≈≈#..####...####..#
≈P≈≈≈...#≈##...≈###≈≈#
≈≈≈≈..≈≈)w.##..###≈≈≈#
≈≈≈≈J≈##≈......#######
≈≈≈≈≈# #....w...##
P≈≈≈w #........≈#####
P≈≈≈ ##.≈###≈.###.≈#
P≈≈ #### ##J≈#...# P≈≈
#@≈#...# #)##≈.≈#
#.)#...# ##≈.#.≈#
##.#.≈# ###.## ##..##
#≈≈≈.# #..≈##


You could see a worm and a jelly.

Vanquished Creatures
  A big kobold (D:2)
  A bullfrog (D:2)
  3 giant cockroaches (D:1)
  A sewer rat (D:1)
  3 cinder newts (D:1)
  2 dart slugs (D:1)
  2 leopard geckos (D:1)
  5 bats (D:1)
  9 goblins (D:1)
  7 hobgoblins
  2 ball pythons (D:1)
  10 kobolds
  8 rats (D:1)
54 creatures vanquished.

Vanquished Creatures (others)
  A jelly (D:2)
  2 ball pythons (D:2)
  42 withered plants (D:2)
45 creatures vanquished.

Grand Total: 99 creatures vanquished

Notes
Turn   | Place    | Note
-------+----------+-------------------------------------------
     0 | D:1      | diana the Kobold Gladiator began the quest for the Orb.
     0 | D:1      | Reached XP level 1. HP: 12/12 MP: 2/2
    48 | D:1      | Reached XP level 2. HP: 17/18 MP: 3/3
    62 | D:1      | Reached XP level 3. HP: 18/22 MP: 4/4
   226 | D:1      | Reached XP level 4. HP: 24/28 MP: 5/5
   229 | D:1      | Reached skill level 1 in Armour
   439 | D:1      | Reached XP level 5. HP: 32/33 MP: 6/6
   730 | D:2      | Reached XP level 6. HP: 9/39 MP: 7/7
   926 | D:2      | Slain by a jelly

Levels and vault maps discovered:
D:1:      eino_arrival_cavern_b, layout_rooms, gup_sewer_entry_spiral
D:2:      layout_sewer, old_standard_altar, chequers_temple_overflow_minitemple,
          uniq_ijyb, uniq_jessica

Skill      XL: |  1  2  3  4  5 |
---------------+----------------+-----
Fighting       | 3 4 |  4.7
Short Blades   | 4 |  4.7
Dodging        | 4 |  4.8
Armour         | 1 |  1.9
Evocations     | |  2.1

Action                   |  1- 3 |  4- 6 || total
-------------------------+-------+-------++-------
Melee: Rapier            |     6 |       ||     6
       Unarmed           |    24 |     2 ||    26
       Dagger            |    35 |   142 ||   177
Armor: Leather armour    |       |     2 ||     2
Dodge: Dodged            |    35 |    46 ||    81
